 Dungeon Crawl Stone Soup version 0.31.0-11-ge490571c62 (webtiles) character file.

Game seed: 10697292031697227540

126 SnakkuSnakku7 the Trooper (level 4, 0/37 HPs)
             Began as a Mummy Alchemist on Jan 27, 2024.
             Slain by a gnoll
             ... wielding a +0 club
              (3 damage)
             ... on level 2 of the Dungeon.
             The game lasted 00:03:47 (2236 turns).

SnakkuSnakku7 the Trooper (Mummy Alchemist)         Turns: 2236, Time: 00:03:48

Health: 0/37       AC:  5    Str: 13    XL:     4   Next: 83%
Magic:  8/8        EV: 10    Int: 14    God:
Gold:   19         SH:  0    Dex: 12    Spells: 7/8 levels left

rFire   x . .        a - +0 hand axe
rCold   + . .        (no shield)
rNeg    + + +        c - +0 ring mail
rPois   ∞            (no helmet)
rElec   .            (no cloak)
rCorr   .            (no gloves)
SInv    .            (no boots)
Will    .....        (no amulet)
Stlth   +            (no ring)
HPRegen 0.26/turn    (no ring)
MPRegen 0.11/turn

%: faith
@: no status effects
A: cold resistance 1, negative energy resistance 3, torment resistance 2, heat
vulnerability 1, in touch with death 1, no potions, faith
a: no special abilities


You were on level 2 of the Dungeon.
You visited 1 branch of the dungeon, and saw 3 of its levels.

You collected 69 gold pieces.
You spent 50 gold pieces at shops.

Inventory:

Hand Weapons
 a - a +0 hand axe (weapon)
 b - a +0 dagger
 i - a +0 short sword
 k - a +0 trident
Armour
 c - a +0 ring mail (worn)
 m - a +0 robe
Scrolls
 d - 2 scrolls of fog {unknown}
 e - 2 scrolls of identify {unknown}
 f - a scroll of revelation {unknown}
 g - 2 scrolls of fear {unknown}
 h - a scroll of poison {unknown}
 j - a scroll of enchant armour {unknown}
 l - a scroll of teleportation {unknown}


   Skills:
 - Level 3.9 Fighting
 + Level 1.5 Axes
 - Level 1.5 Dodging
 - Level 1.5 Stealth
 - Level 2.6 Spellcasting
 - Level 0.7 Conjurations
 - Level 2.4 Alchemy


You had 7 spell levels left.
You knew the following spells:

 Your Spells              Type           Power      Damage    Failure   Level
a - Sting                 Conj/Alch      24%        1d4       26%         1

Your spell library contained the following spells:

 Spells                   Type           Power      Damage    Failure   Level
 Mercury Vapours          Alch/Air       10%        N/A       41%         2
 Mephitic Cloud           Conj/Alch/Air  4%         N/A       67%         3
 Summon Ice Beast         Ice/Summ       1%         N/A       82%         3
 Olgreb's Toxic Radiance  Alch           8%         N/A       87%         4
 Sticky Flame             Fire/Alch      5%         2d4       96%         4
 Summon Mana Viper        Hex/Summ       1%         N/A       100%        5
 Monstrous Menagerie      Summ           0%         N/A       100%        7


Dungeon Overview and Level Annotations

Branches:
Dungeon (3/15)

Altars:

Shops:
D:1 *   D:2 :?*


Innate Abilities, Weirdness & Mutations

You are immune to poison.
Your flesh is cold resistant. (rC+)
You are immune to negative energy. (rN+++)
You are immune to unholy pain and torment.
You are vulnerable to heat. (rF-)
You are in touch with the powers of death.
You do not drink.
You have a special connection with the divine. (Faith)


Message History

The goblin hits you with a +0 dagger. The gnoll closely misses you.
You climb upwards.
There is a stone staircase leading down here.
Unknown command.
You hit the gnoll but do no damage. You hit the goblin.
The goblin hits you with a +0 dagger. The gnoll hits you but does no damage.
You hit the gnoll.
The gnoll is moderately wounded.
You closely miss the goblin. The goblin hits you but does no damage.
The gnoll closely misses you. The goblin closely misses you.
You completely miss the gnoll.
The gnoll is moderately wounded.
You barely miss the goblin. The gnoll hits you with a +0 club.
The goblin barely misses you. The gnoll hits you with a +0 club.
Unknown command.
You barely miss the gnoll.
The gnoll is moderately wounded.
You hit the goblin.
You kill the goblin!
The gnoll closely misses you.
You closely miss the gnoll.
The gnoll is moderately wounded.
The gnoll hits you with a +0 club.
* * * LOW HITPOINT WARNING * * *
You completely miss the gnoll.
The gnoll is moderately wounded.
The gnoll hits you but does no damage.
You hit the gnoll.
The gnoll is heavily wounded.
The gnoll hits you with a +0 club.
* * * LOW HITPOINT WARNING * * *
You hit the gnoll but do no damage.
The gnoll is heavily wounded.
The gnoll hits you with a +0 club.
* * * LOW HITPOINT WARNING * * *
The gnoll closely misses you.
You hit the gnoll.
The gnoll is heavily wounded.
The gnoll hits you with a +0 club.
You die...

#.############.# #.#
#.# ##.## #.# #.# #.#
#...# ##.## #.# #.#
....# ##.#.######.#
#.# #...#
##[###.......######.#
##### #.##
##...........).#
##.###.##############
##.#)## ##g@# ###
##.# ..# #.# #.# #.#
#.# #.# #<# #.# #.#
######.#
#.#########......#
#...........######


You could see a gnoll.

Vanquished Creatures
  An orc priest (D:3)
  4 adders (D:2)
  2 dart slugs (D:1)
  A ribbon worm (D:2)
  3 orcs
  2 endoplasms (D:1)
  3 giant cockroaches
  6 hobgoblins
  7 kobolds
  4 quokkas
  4 ball pythons
  5 bats
  2 frilled lizards
  5 goblins
  4 rats
53 creatures vanquished.

Notes
Turn   | Place    | Note
-------+----------+-------------------------------------------
     0 | D:1      | SnakkuSnakku7 the Mummy Alchemist began the quest for the
                  | Orb.
     0 | D:1      | Reached XP level 1. HP: 13/13 MP: 4/4
    52 | D:2      | Reached skill level 1 in Fighting
   164 | D:1      | Reached XP level 2. HP: 17/22 MP: 5/5
   262 | D:1      | Reached skill level 2 in Fighting
   396 | D:1      | Found Vitoyn's Assorted Antiques.
   624 | D:1      | Found a faded altar of an unknown god.
   886 | D:1      | Bought a scroll labelled XOL URATEGHY for 26 gold pieces
   947 | D:2      | Reached XP level 3. HP: 25/28 MP: 7/7
   994 | D:2      | Found Gata's Assorted Antiques.
  1126 | D:2      | Reached skill level 3 in Fighting
  1518 | D:2      | Found Ecwuef's Book Emporium.
  1560 | D:2      | Reached XP level 4. HP: 33/37 MP: 8/8
  1666 | D:2      | Found Wawnui Duci's Magic Scroll Boutique.
  1735 | D:2      | Bought a scroll labelled ADDIRIN YLO for 24 gold pieces
  2026 | D:3      | Reached skill level 1 in Axes
  2236 | D:2      | Slain by a gnoll

Illustrated notes

Levels and vault maps discovered:
D:1:      enne_arrival_octagon_isle, layout_basic, basic_ecumenical_altar,
          serial_shops, nicolae_shop_overgrown_old_shop, minmay_crystal_water,
          grunt_decor_clamped
D:2:      minmay_diamond_boxcup, layout_loops_ring, serial_shops,
          nicolae_shop_competitors_out_of_business, nicolae_shop_hallway_stairs,
          shop, minmay_misc_feat_square, patterned_corridor
D:3:      layout_loops_ring

Skill      XL: |  1  2  3  4 |
---------------+-------------+-----
Fighting       | 1 2 3 |  3.9
Axes           | 1 |  1.5
Dodging        | |  1.5
Stealth        | |  1.5
Spellcasting   | |  2.6
Conjurations   | |  0.7
Alchemy        | |  2.4

Action                     |  1- 3 |  4- 6 || total
---------------------------+-------+-------++-------
  Melee: Dagger            |   129 |       ||   129
         Unarmed           |     4 |       ||     4
         Short sword       |    77 |       ||    77
         Trident           |    17 |    34 ||    51
         Hand axe          |       |    65 ||    65
         Punch             |       |     1 ||     1
   Cast: Sting             |     6 |       ||     6
 Armour: Ring mail         |   139 |    94 ||   233
         Robe              |     7 |       ||     7
  Dodge: Dodged            |   141 |    63 ||   204
